AoeStats
← 根本赢不了

African Clearing

510454363Analyzed
4v4 RM · 12h ago on Oct 1, 2026· 40m 56s· 8 players
Game mode
Random Map
Map size
Large (8 player)
Population
200
Speed
Normal
Resources
Standard
Victory
Conquest
Starting age
Dark Age
Ending age
Imperial Age
RankedLock teamsTeams togetherTeam positionsShared explorationLock speedFull tech treeHidden civsTurbo modeCheats
Victory
Defeat
🇨🇴 Vietnamese · Colombia
1328
+13
🇨🇷 Magyars · Costa Rica
1289
+15
🇨🇴 Varangians · Colombia
1248
+16
🇨🇴 Bengalis · Colombia
1224
+17
🇨🇳 Malay · China
1359
-19
🇨🇳 Britons · China
1245
-15
🇨🇳 Koreans · China
1232
-14
🇨🇳 Danes · China
1202
-21
alemarioh
6:29 Loom
14:17 Feudal Age
24:58 Bloodlines
28:26 Scale Barding Armor
Gompachiro
11:17 Loom
13:40 Feudal Age
18:25 Castle Age
16:35 Double-Bit Axe
18:23 Fishing Lines
20:29 Bow Saw
20:32 Fletching
22:33 Padded Archer Armor
24:24 Bodkin Arrow
27:35 Husbandry
28:39 Bloodlines
31:42 Leather Archer Armor
32:30 Ballistics
34:27 Gold Mining
34:27 Stone Mining
36:12 Wheelbarrow
37:00 Horse Collar
39:46 Hand Cart
jaimeerp
4:31 Loom
14:53 Feudal Age
18:32 Castle Age
16:56 Fletching
17:16 Double-Bit Axe
20:50 Bodkin Arrow
26:41 Padded Archer Armor
30:45 Bow Saw
32:48 Horse Collar
35:21 Wheelbarrow
35:11 Heavy Plow
37:26 Hand Cart
37:14 Gold Mining
42:18 Imperial Age
39:19 Elite Skirmisher
40:48 Leather Archer Armor
40:27 Town Watch
Sebasky
3:32 Loom
13:28 Feudal Age
14:31 Double-Bit Axe
18:16 Castle Age
17:31 Wheelbarrow
16:45 Town Watch
19:06 Fletching
19:55 Bow Saw
21:16 Padded Archer Armor
21:19 Bodkin Arrow
23:18 Gold Mining
25:37 Ballistics
25:51 Padded Archer Armor
30:22 Stone Mining
31:20 Horse Collar
32:19 Heated Shot
32:12 Treadmill Crane
32:42 Masonry
33:42 Leather Archer Armor
37:18 Imperial Age
38:02 Bracer
39:04 Chemistry
40:13 Two-Man Saw
39:22 Elite Rattan Archer
根本赢不了
6:19 Loom
12:03 Feudal Age
14:59 Town Watch
14:43 Man-at-Arms
15:09 Arson
24:13 Castle Age
73624617386501790
10:26 Loom
12:40 Feudal Age
12:33 Double-Bit Axe
17:42 Castle Age
老头
6:42 Loom
12:38 Feudal Age
17:04 Castle Age
15:12 Double-Bit Axe
16:02 Horse Collar
18:42 Bow Saw
23:13 Gold Mining
23:23 Fletching
23:34 Padded Archer Armor
24:36 Wheelbarrow
24:46 Bodkin Arrow
24:54 Heavy Plow
26:28 Ballistics
27:38 Hand Cart
31:06 Imperial Age
29:29 Gold Shaft Mining
29:46 Stone Mining
31:27 Elite Longbowman
34:10 Chemistry
34:53 Yeomen
39:17 Bracer
Hsaheyhd
4:28 Loom
17:28 Feudal Age
18:13 Horse Collar
18:18 Double-Bit Axe
Connection lost

Rejoining the realm…

Still unreachable

The connection could not be restored.

Session expired

The server has moved on; the page needs a fresh start.